 Dungeon Sprint DCSS version 0.24-a0-27-gca774cb5d5 (webtiles) character file.

Game seed: 3718943886716811528

1453 Denreik the Thaumaturge (level 8, -29/58 (65) HPs)
             Began as a Gnoll Fire Elementalist on Feb 2, 2019.
             Shot with a bolt by a yaktaur captain (33 damage)
             ... in the Dungeon (Sprint II: "The Violet Keep of Menkaure").
             The game lasted 00:23:08 (1823 turns).

Denreik the Thaumaturge (Gnoll Fire Elementalist)   Turns: 1823, Time: 00:23:09

HP:   -29/58 (65)   AC:  3    Str: 20    XL:     8   Next: 75%
MP:   5/20          EV: 13    Int: 27    God:
Gold: 11            SH: 15    Dex: 12    Spells: 1/24 levels left

rFire    . . .     SeeInvis .   b - +10 mace "Otweestou" {pain, Str+9 Int+8 Dex-4 Stlth-}
rCold    + . .     Gourm    .   f - +0 large shield of Ceomm {rC+}
rNeg     . . .     Faith    .   a - +1 robe
rPois    .         Spirit   .   (no helmet)
rElec    .         Reflect  .   (no cloak)
rCorr    .         Harm     .   (no gloves)
MR       .....     Rnd*Rage +   (no boots) Stlth +++.......NoTele +
                                (no amulet)
HPRegen  0.19/turn              (no ring)
MPRegen  0.17/turn              (no ring)

@: berserk cooldown, slowed, very slow
A: distributed training, fangs 1, berserk 1, strong nose
a: no special abilities


You were in the Dungeon.
You were not hungry.

You visited 1 branch You collected 729 gold pieces.
You spent 718 gold pieces at shops.

Inventory:

Hand Weapons
 b - the +10 mace "Otweestou" (weapon) {pain, Str+9 Int+8 Dex-4 Stlth-}
   (You bought it in a shop in the Dungeon)

   In the hands of one skilled in necromantic magic, it inflicts extra damage on
   living creatures.
   It affects your strength (+9).
   It affects your intelligence (+8).
   It affects your dexterity (-4).
   It makes you less stealthy.
Armour
 a - a +1 robe (worn)
 f - the +0 large shield of Ceomm (worn) {rC+}
   (You bought it in a shop in the Dungeon)

   It protects you from cold.
Scrolls
 i - a scroll of blinking
Potions
 e - a potion of heal wounds
 g - 2 potions of brilliance {unknown}
 h - a potion of berserk rage


   Skills:
 + Level 6.7 Fighting
 + Level 6.7 Short Blades
 + Level 6.7 Long Blades
 + Level 6.7 Axes
 + Level 6.7 Maces & Flails
 + Level 6.7 Polearms
 + Level 6.7 Staves
 + Level 6.7 Slings
 + Level 6.7 Bows
 + Level 6.7 Crossbows
 + Level 6.7 Throwing
 + Level 6.7 Armour
 + Level 8.2 Dodging
 + Level 8.0 Stealth
 + Level 6.7 Shields
 + Level 6.7 Unarmed Combat
 + Level 8.5 Spellcasting
 + Level 6.0 Conjurations
 + Level 5.5 Hexes
 + Level 5.5 Charms
 + Level 5.5 Summonings
 + Level 5.5 Necromancy
 + Level 5.5 Translocations
 + Level 5.5 Transmutations
 + Level 7.9 Fire Magic
 + Level 5.5 Ice Magic
 + Level 5.5 Air Magic
 + Level 5.5 Earth Magic
 + Level 5.5 Poison Magic
 + Level 7.4 Invocations
 + Level 6.7 Evocations


You had one spell level left.
You knew the following spells:

 Your Spells              Type           Power        Failure   Level  Hunger
a - Flame Tongue          Conj/Fire      #####        3%          1    None
b - Conjure Flame         Conj/Fire      #####...     9%          3    None
c - Sticky Flame          Conj/Fire      #####...     30%         4    ##.....
d - Inner Flame           Hex/Fire       #####...     10%         3    None
e - Fireball              Conj/Fire      #####.....   63%         5    ####...
f - Throw Flame           Conj/Fire      #####.       4%          2    None
g - Blink                 Tloc           N/A          9%          2    None
h - Mephitic Cloud        Conj/Pois/Air  #####...     16%         3    None

Your spell library contained the following spells:

 Spells                   Type           Power        Failure   Level  Hunger
 Magic Dart               Conj           ####         4%          1    None
 Call Imp                 Summ           #####...     9%          2    None
 Slow                     Hex            #####...     9%          2    None


Dungeon Overview and Level Annotations

Branches:
Dungeon (1/1)

Altars:
Cheibriados
Dithmenos
Elyvilon
Fedhas
Gozag
Hepliaklqana
Kikubaaqudgha
Makhleb
Nemelex Xobeh
Okawaru
Ru
Sif Muna
Trog
Uskayaw
Vehumet
Yredelemnul
Zin
Beogh
Jiyva
Lugonu

Shops:
D *[:=!(=(}%[:%?![

Annotations:
D exclusion: oklob plant, Kirke


Innate Abilities, Weirdness & Mutations

Your experience applies equally to all skills.
You have very sharp teeth.
Your uncanny sense of smell can sniff out nearby items.
You tend to lose your temper in combat.


Message History

The orange crystal statue is engulfed in mutagenic fog.
The flying skull hits you!
* * * LOW HITPOINT WARNING * * *
You feel a strong urge to attack something.
You block the flying skull's attack.
The orange crystal statue is engulfed in mutagenic fog.
You barely miss the skeletal warrior.
You are no longer berserk.
You are exhausted.
You feel yourself slow down. You block the flying skull's attack.
The orange crystal statue is engulfed in mutagenic fog.
Casting: Blink (safe; 9% risk of failure)
Confirm with . or Enter, or press ? or * to list all spells.
You blink.
The shadow imp barely misses you. You block the white imp's attack.
The kobold demonologist looks braver for a moment.
You block Kirke's attack.
The yaktaur captain wields a cursed -1 arbalest.
The yaktaur captain shoots a bolt.
The bolt hits you!!
Ouch! That really hurt!
You die...

*,,,,,,+,,*∩,∩∩∩+,+,,***,,,,***
*,,,,,,*,,*******,****,,,,,,,,*
*+******+**∆,####+####,∆,,∆,,,*
*∩∩∩∩∩∩*,∆+,##≈§§§§§≈##⌠∆,∆,*+*
*∩∩∩∩∩∩*∆∆*##≈§§§§§§§§##,∆,∆*,,
*********,,+≈≈§§§8§§§§§#*++**,,
*,,,**,,G**##§§§§§§§§§#*≈,,,***
*∆,,,*∆,.c.≈##§z§§§§§#*,≈,,,,,*
############c5#@@'#+++##***,,,,*
###########≈KYc.z5§.÷..#∆,+,,,,*
##∩.......#≈≈5c.##'##..#∆∆****,*
##.∩.....∩#≈≈≈≈##.#.##.####∆,+.#
##∩.∩...∩.#≈≈≈≈#.###.#....#,,*..
##.∩.∩.∩.∩#≈≈####.#.####..##**#.
##..∩.∩.∩.#≈##.###'##*,##..#∆,+^
##...∩.∩..#≈#...##z###,,#..#∆∆#.
##....⌠...'≈+.##+.<.+##3'..###*.


You could see Kirke, a yaktaur captain, an orange crystal statue, an elephant, a
skeletal warrior, a centaur warrior, a kobold demonologist, a flying skull, an
iron imp and a white imp.

Vanquished Creatures
  2 polar bears (D)
  2 hippogriffs (D)
  A flying skull (D)
  Menkaure (D)
  4 necrophages (D)
  A hell rat (D)
  4 worker ants (D)
15 creatures vanquished.

Vanquished Creatures (others)
  A crocodile (D)
1 creature vanquished.

Grand Total: 16 creatures vanquished

Notes
Turn   | Place    | Note
-------+----------+-------------------------------------------
     0 | D        | Denreik the Gnoll Fire Elementalist began the quest for the
                  | Orb.
     0 | D        | Reached XP level 1. HP: 13/13 MP: 6/6
     1 | D        | Noticed a neqoxec
     4 | D        | Noticed a worker ant
     4 | D        | Noticed a worker ant
     4 | D        | Noticed a worker ant
     4 | D        | Noticed a worker ant
     7 | D        | Killed a worker ant
     7 | D        | Reached skill level 1 in Fighting
     7 | D        | Reached skill level 1 in Short Blades
     7 | D        | Reached skill level 1 in Long Blades
     7 | D        | Reached skill level 1 in Axes
     7 | D        | Reached skill level 1 in Maces & Flails
     7 | D        | Reached skill level 1 in Polearms
     7 | D        | Reached skill level 1 in Staves
     7 | D        | Reached skill level 1 in Slings
     7 | D        | Reached skill level 1 in Bows
     7 | D        | Reached skill level 1 in Crossbows
     7 | D        | Reached skill level 1 in Throwing
     7 | D        | Reached skill level 1 in Armour
     7 | D        | Reached skill level 1 in Shields
     7 | D        | Reached skill level 1 in Unarmed Combat
     7 | D        | Reached skill level 5 in Spellcasting
     7 | D        | Reached skill level 1 in Hexes
     7 | D        | Reached skill level 1 in Charms
     7 | D        | Reached skill level 1 in Summonings
     7 | D        | Reached skill level 1 in Necromancy
     7 | D        | Reached skill level 1 in Translocations
     7 | D        | Reached skill level 1 in Transmutations
     7 | D        | Reached skill level 1 in Ice Magic
     7 | D        | Reached skill level 1 in Air Magic
     7 | D        | Reached skill level 1 in Earth Magic
     7 | D        | Reached skill level 1 in Poison Magic
     7 | D        | Reached skill level 1 in Invocations
     7 | D        | Reached skill level 1 in Evocations
     7 | D        | Reached XP level 2. HP: 16/21 MP: 4/8
    15 | D        | Reached skill level 5 in Dodging
    15 | D        | Reached XP level 3. HP: 9/27 MP: 5/9
    20 | D        | Reached XP level 4. HP: 5/34 MP: 1/11
    59 | D        | Killed a crocodile
   236 | D        | Learned a level 3 spell: Conjure Flame
   241 | D        | Learned a level 4 spell: Sticky Flame
   245 | D        | Learned a level 3 spell: Inner Flame
   255 | D        | Reached skill level 5 in Stealth
   334 | D        | Noticed a hippogriff
   334 | D        | Noticed a hippogriff
   337 | D        | Noticed a necrophage
   337 | D        | Noticed a necrophage
   337 | D        | Noticed a necrophage
   337 | D        | Noticed a necrophage
   341 | D        | Killed a necrophage
   341 | D        | Reached XP level 5. HP: 41/41 MP: 5/13
   367 | D        | Killed a necrophage
   367 | D        | Reached XP level 6. HP: 10/43 MP: 9/15
   373 | D        | Killed a necrophage
   373 | D        | Reached skill level 5 in Invocations
   381 | D        | Killed a necrophage
   381 | D        | Reached skill level 5 in Fighting
   381 | D        | Reached skill level 5 in Short Blades
   381 | D        | Reached skill level 5 in Long Blades
   381 | D        | Reached skill level 5 in Axes
   381 | D        | Reached skill level 5 in Maces & Flails
   381 | D        | Reached skill level 5 in Polearms
   381 | D        | Reached skill level 5 in Staves
   381 | D        | Reached skill level 5 in Slings
   381 | D        | Reached skill level 5 in Bows
   381 | D        | Reached skill level 5 in Crossbows
   381 | D        | Reached skill level 5 in Throwing
   381 | D        | Reached skill level 5 in Armour
   381 | D        | Reached skill level 5 in Shields
   381 | D        | Reached skill level 5 in Unarmed Combat
   381 | D        | Reached skill level 5 in Evocations
   381 | D        | Reached XP level 7. HP: 6/49 MP: 1/17
   763 | D        | Learned a level 5 spell: Fireball
   766 | D        | Learned a level 2 spell: Throw Flame
   772 | D        | Found Tifil's Book Shop.
   772 | D        | Found Itauvab's Magic Scroll Shop.
   772 | D        | Found Vegaal's Food Boutique.
   772 | D        | Found Xavek's Antique Armour Shop.
   772 | D        | Found Kitonwoq's Armour Boutique.
   772 | D        | Found Xiqeal's Food Boutique.
   773 | D        | Found Abyuneabue's Gadget Boutique.
   773 | D        | Found Ozoid's Antique Weapon Shop.
   773 | D        | Found Ydan's Distillery.
   774 | D        | Found Vonaesm Taeg's Jewellery Shop.
   774 | D        | Found Afyr's Weapon Boutique.
   774 | D        | Noticed a spiny frog
   775 | D        | Noticed a hippogriff
   776 | D        | Found Uwnewkusm's Distillery.
   776 | D        | Found Xuaryk's Jewellery Shop.
   776 | D        | Noticed Menkaure
   776 | D        | Noticed a spiny frog
   776 | D        | Noticed an oklob plant
   777 | D        | Found Sokagucs's Antique Armour Shop.
   777 | D        | Found Joduxte's Book Shoppe.
   777 | D        | Found Acsepn's Assorted Antiques.
   778 | D        | Noticed a hippogriff
   781 | D        | Noticed a hippogriff
   794 | D        | Killed Menkaure
   795 | D        | Noticed a manticore
   806 | D        | Bought a book of Minor Magic for 240 gold pieces
   809 | D        | Learned a level 2 spell: Blink
   811 | D        | Bought an iridescent mace for 192 gold pieces
   811 | D        | Identified the +10 mace "Otweestou" {pain, Str+9 Int+8
                  | Dex-4 Stlth-} (You bought it in a shop in the Dungeon)
   870 | D        | Reached skill level 5 in Conjurations
   964 | D        | Noticed a flying skull
   964 | D        | Noticed a flying skull
   965 | D        | Noticed a flying skull
   980 | D        | Killed a hippogriff
   986 | D        | Killed a hippogriff
   986 | D        | Reached skill level 5 in Hexes
   986 | D        | Reached skill level 5 in Charms
   986 | D        | Reached skill level 5 in Summonings
   986 | D        | Reached skill level 5 in Necromancy
   986 | D        | Reached skill level 5 in Translocations
   986 | D        | Reached skill level 5 in Transmutations
   986 | D        | Reached skill level 5 in Ice Magic
   986 | D        | Reached skill level 5 in Air Magic
   986 | D        | Reached skill level 5 in Earth Magic
   986 | D        | Reached skill level 5 in Poison Magic
   986 | D        | Reached XP level 8. HP: 54/57 MP: 0/19
  1122 | D        | Bought an ichor-stained large shield for 190 gold pieces
  1127 | D        | Identified the +0 large shield of Ceomm {rC+} (You bought
                  | it in a shop in the Dungeon)
  1127 | D        | Bought 2 coppery potions for 36 gold pieces
  1127 | D        | Bought a scroll labeled RUJOZ VENEOS for 20 gold pieces
  1127 | D        | Bought a scroll labeled EJUDARGH BOTTAU for 20 gold pieces
  1127 | D        | Bought a scroll labeled SARAYC BUOGUNO for 20 gold pieces
  1151 | D        | Noticed a flying skull
  1151 | D        | Noticed a flying skull
  1151 | D        | Noticed a flying skull
  1151 | D        | Noticed a flying skull
  1151 | D        | Noticed a flying skull
  1152 | D        | Noticed a flying skull
  1152 | D        | Noticed a flying skull
  1153 | D        | Noticed a flying skull
  1160 | D        | Found an opulent altar of Gozag.
  1161 | D        | Found a blossoming altar of Fedhas.
  1162 | D        | Found a white marble altar of Elyvilon.
  1162 | D        | Found a burning altar of Makhleb.
  1163 | D        | Found a shadowy altar of Dithmenos.
  1163 | D        | Found a corrupted altar of Lugonu.
  1163 | D        | Found a sparkling altar of Nemelex Xobeh.
  1163 | D        | Found a hide-covered altar of Uskayaw.
  1164 | D        | Found a snail-covered altar of Cheibriados.
  1164 | D        | Found an ancient bone altar of Kikubaaqudgha.
  1164 | D        | Found a bloodstained altar of Trog.
  1165 | D        | Found a roughly hewn altar of Beogh.
  1165 | D        | Found a viscous altar of Jiyva.
  1165 | D        | Found a deep blue altar of Sif Muna.
  1166 | D        | Found a hazy altar of Hepliaklqana.
  1166 | D        | Found a sacrificial altar of Ru.
  1171 | D        | Noticed a polar bear
  1172 | D        | Noticed a polar bear
  1177 | D        | Noticed a hornet
  1183 | D        | Noticed a yaktaur
  1184 | D        | Found a basalt altar of Yredelemnul.
  1184 | D        | Found an iron altar of Okawaru.
  1184 | D        | Found a radiant altar of Vehumet.
  1184 | D        | Found a glowing silver altar of Zin.
  1196 | D        | Noticed an orange crystal statue
  1444 | D        | Noticed a flying skull
  1478 | D        | Killed a polar bear
  1648 | D        | Learned a level 3 spell: Mephitic Cloud
  1659 | D        | Noticed a polar bear
  1670 | D        | Killed a polar bear
  1784 | D        | Gained mutation: You tend to lose your temper in combat. [a
                  | neqoxec]
  1808 | D        | Noticed Kirke
  1808 | D        | Noticed a kobold demonologist
  1808 | D        | Noticed a skeletal warrior
  1809 | D        | Noticed a yaktaur captain
  1813 | D        | Noticed an elephant
  1814 | D        | Noticed a centaur warrior
  1819 | D        | Killed a flying skull
  1819 | D        | Noticed a great orb of eyes
  1823 | D        | Shot with a bolt by a yaktaur captain

Vault maps used:
D:        the_violet_keep_of_menkaure

Skill      XL: |  1  2  3  4  5  6  7  8 |
---------------+-------------------------+-----
Fighting       | 1 2 3 4 5 6 |  6.7
Short Blades   | 1 2 3 4 5 6 |  6.7
Long Blades    | 1 2 3 4 5 6 |  6.7
Axes           | 1 2 3 4 5 6 |  6.7
Maces & Flails | 1 2 3 4 5 6 |  6.7
Polearms       | 1 2 3 4 5 6 |  6.7
Staves         | 1 2 3 4 5 6 |  6.7
Slings         | 1 2 3 4 5 6 |  6.7
Bows           | 1 2 3 4 5 6 |  6.7
Crossbows      | 1 2 3 4 5 6 |  6.7
Throwing       | 1 2 3 4 5 6 |  6.7
Armour         | 1 2 3 4 5 6 |  6.7
Shields        | 1 2 3 4 5 6 |  6.7
Unarmed Combat | 1 2 3 4 5 6 |  6.7
Spellcasting   | 5 6 7 8 |  8.5
Conjurations   | 2 3 4 5 6 |  6.0
Hexes          | 1 2 3 4 5 |  5.5
Charms         | 1 2 3 4 5 |  5.5
Summonings     | 1 2 3 4 5 |  5.5
Necromancy     | 1 2 3 4 5 |  5.5
Translocations | 1 2 3 4 5 |  5.5
Transmutations | 1 2 3 4 5 |  5.5
Ice Magic      | 1 2 3 4 5 |  5.5
Air Magic      | 1 2 3 4 5 |  5.5
Earth Magic    | 1 2 3 4 5 |  5.5
Poison Magic   | 1 2 3 4 5 |  5.5
Invocations    | 1 2 4 5 6 7 |  7.4
Evocations     | 1 2 3 4 5 6 |  6.7
Dodging        | 5 6 7 8 |  8.2
Stealth        | 5 6 7 8 |  8.0
Fire Magic     | 6 7 |  7.9

Action                   |  1- 3 |  4- 6 |  7- 9 || total
-------------------------+-------+-------+-------++-------
Melee: Unarmed           |       |    21 |       ||    21
       Bite              |       |     1 |     1 ||     2
       Punch             |       |     1 |       ||     1
       Mace              |       |       |    20 ||    20
 Cast: Flame Tongue      |    13 |    23 |    20 ||    56
       Conjure Flame     |       |     2 |     5 ||     7
       Sticky Flame      |       |     1 |     2 ||     3
       Blink             |       |       |     9 ||     9
       Inner Flame       |       |       |     2 ||     2
       Mephitic Cloud    |       |       |     1 ||     1
  Use: Potion            |     2 |     2 |       ||     4
       Scroll            |       |       |     4 ||     4
  Eat: Ration            |       |       |     1 ||     1
Armor: Robe              |       |     3 |     5 ||     8
Dodge: Dodged            |     7 |    16 |    22 ||    45
Block: Large shield      |       |       |    28 ||    28

Table legend:
 A = Non-vault XP
 B = Vault XP
 C = Vault XP percentage of total XP
 D = Non-vault monster count
 E = Vault monster count
 F = Vault count percentage of total count
                 A         B        C        D         E       F
            +---------+---------+-------+---------+---------+-------
      Total |       0 |    2076 | 100.0 |       0 |      15 | 100.0
            +---------+---------+-------+---------+---------+-------
          D |       0 |    2076 | 100.0 |       0 |      15 | 100.0
            +---------+---------+-------+---------+---------+-------
